 Dungeon Crawl Stone Soup version 0.18-a0-49-gd105b5a (webtiles) character file.

567 ReteAZ the Digger (level 7, -2/61 HPs)
             Began as an Octopode Earth Elementalist on Nov 7, 2015.
             Slain by Edmund
             ... wielding a +3 dire flail of protection
              (6 damage)
             ... on level 4 of the Dungeon.
             The game lasted 00:21:24 (5842 turns).

ReteAZ the Digger (Octopode Earth Elementalist)     Turns: 5842, Time: 00:21:25

Health: -2/61      AC: 23    Str:  7    XL:     7   Next: 33%
Magic:  1/10       EV:  2    Int: 19    God:
Gold:   263        SH:  0    Dex: 13    Spells: 3 memorised, 4 levels left

rFire  . . .     SeeInvis .     z - +2 falchion (slice)
rCold  . . .     Clarity  .     (no shield)
rNeg   + + +     SustAt   .     (helmet currently unavailable)
rPois  +         Gourm    .     (no amulet)
rElec  .         Spirit   .     (no ring)
rCorr  .         Warding  .     (no ring)
rMut   .         NoTele   +     (no ring)
MR     .....                    (no ring)
Stlth  +++.......               (no ring)
                                (no ring)
                                (no ring)
                                (no ring)

@: tree-form, not resistant to hostile enchantments, fairly stealthy
A: almost no armour, amphibious, 8 rings, (constrict 8), (camouflage 0),
(gelatinous body 0)
a: no special abilities


You were on level 4 of the Dungeon.
You were not hungry.
You were a tree.
You visited 1 branch of the dungeon, and saw 4 of its levels.

You collected 263 gold pieces.

Inventory:

Hand Weapons
 d - a +0 hunting sling
 z - a +2 falchion of slicing (weapon)
Missiles
 a - 43 stones
 o - 3 tomahawks (quivered)
Jewellery
 w - an uncursed amulet of rage {unknown}
 x - a cursed ring of teleportation {unknown}
Wands
 s - a wand of polymorph (10)
 B - a wand of confusion (13)
Scrolls
 e - 4 scrolls of amnesia {unknown}
 i - 10 scrolls of identify {unknown}
 j - 2 scrolls of enchant armour {unknown}
 l - a scroll of fog {unknown}
 m - 5 scrolls of teleportation {unknown}
 n - a scroll of fear {unknown}
 r - 2 scrolls of remove curse {unknown}
 t - a scroll of magic mapping {unknown}
 v - a scroll of blinking {unknown}
 y - a scroll of enchant weapon {unknown}
 C - a scroll of random uselessness {unknown}
Potions
 f - 2 potions of flight
 h - a potion of curing
 q - a potion of magic
Books
 b - a book of Geomancy

   Spells                             Type                      Level
   a - Sandblast                      Earth                        1
   b - Stoneskin                      Transmutation/Earth          2
   c - Passwall                       Transmutation/Earth          3
   d - Stone Arrow                    Conjuration/Earth            3
   e - Petrify                        Transmutation/Earth          4
   f - Lee's Rapid Deconstruction     Earth                        5
 p - a book of Burglary

   Spells                             Type                      Level
   a - Swiftness                      Charms/Air                   2
   b - Passwall                       Transmutation/Earth          3
   c - Passage of Golubria            Translocation                4
   d - Lee's Rapid Deconstruction     Earth                        5
   e - Darkness                       Hexes                        6
   f - Invisibility                   Hexes                        6
Comestibles
 c - a bread ration {@e1}
 k - 2 meat rations {@e2}
 A - a chunk of flesh {@w0}


   Skills:
 - Level 2.0 Dodging
 - Level 2.6 Stealth
 + Level 2.1 Spellcasting
 - Level 2.1 Conjurations
 + Level 2.7 Transmutations
 + Level 7.2 Earth Magic


You had 4 spell levels left.
You knew the following spells:

 Your Spells              Type           Power        Failure   Level  Hunger
a - Sandblast             Erth           ####..       1%          1    #......
b - Stoneskin             Trmt/Erth      ###.....     3%          2    ##.....
c - Stone Arrow           Conj/Erth      ###...       10%         3    ###....


Dungeon Overview and Level Annotations

Branches:
Dungeon (4/15)
 Temple: D:4-7

Altars:
Elyvilon

Annotations:
D:4 Edmund, Sigmund


Innate Abilities, Weirdness & Mutations

You cannot wear most types of armour.
You are amphibious.
You can wear up to eight rings at the same time.
((You can use your tentacles to constrict eight enemies at once.))
((Your skin changes colour to match your surroundings (Stealth).))
((Your rubbery body absorbs attacks (AC +1).))


Message History

Press: ? - help, Shift-Dir - straight line, f/p - Edmund
Aim: Edmund, wielding a dire flail of protection and wearing a scale mail (moderately wounded)
The stone arrow hits Edmund.
Edmund is heavily wounded.
Edmund hits you but does no damage.
You cannot move.
You hit Edmund.
Edmund is severely wounded.
Edmund hits you with a dire flail of protection.
* * * LOW HITPOINT WARNING * * *
You hit Edmund but do no damage.
Edmund is severely wounded.
Edmund hits you but does no damage.
You completely miss Edmund.
Edmund is severely wounded.
Edmund hits you but does no damage.
You barely miss Edmund.
Edmund is severely wounded.
Edmund hits you with a dire flail of protection.
You die...

###.####......#
#.#....###..#.#
#.#....## ..#.
##.#.....##..#.#
##......_.......# #
#....##.....#...#
####.... ##....#.#.#
........###....#...#
# ###.......####♣# #
#.(......($@.#
#.#####..##### ##.#
#.# #.# #.# #.#
##### #.#


You could see Edmund.

Vanquished Creatures
  Duvessa (D:4)
  Dowan (D:4)
  A water moccasin skeleton (D:4)
  An orc priest (D:4)
  Natasha (thrice) (D:3)
  2 worker ants (D:4)
  3 gnolls (D:3)
  13 adders
  4 worms (D:2)
  A giant gecko (D:2)
  8 orcs
  8 bats
  3 giant cockroaches
  7 goblins
  8 hobgoblins
  7 jackals (D:2)
  5 kobolds
  3 quokkas
  3 ball pythons (D:3)
  3 giant newts
  A jackal skeleton (D:4)
  A quokka skeleton (D:4)
  7 rats
94 creatures vanquished.

Notes
Turn   | Place    | Note
--------------------------------------------------------------
     0 | D:1      | ReteAZ the Octopode Earth Elementalist began the quest for the Orb.
     0 | D:1      | Reached XP level 1. HP: 11/11 MP: 3/3
   556 | D:1      | Reached XP level 2. HP: 9/17 MP: 5/5
  1334 | D:2      | Reached skill level 4 in Earth Magic
  1416 | D:2      | Reached XP level 3. HP: 21/21 MP: 2/6
  1887 | D:2      | Learned a level 2 spell: Stoneskin
  2343 | D:2      | Reached XP level 4. HP: 27/27 MP: 7/7
  2479 | D:2      | Learned a level 3 spell: Stone Arrow
  2950 | D:3      | Reached skill level 5 in Earth Magic
  3122 | D:3      | Reached XP level 5. HP: 29/31 MP: 0/8
  3372 | D:3      | Found a faded altar to an unknown god.
  3990 | D:3      | Noticed Natasha
  4014 | D:3      | Killed Natasha
  4014 | D:3      | Reached skill level 6 in Earth Magic
  4119 | D:3      | Noticed Natasha
  4125 | D:3      | Killed Natasha
  4289 | D:3      | Reached XP level 6. HP: 36/36 MP: 5/9
  4460 | D:3      | Noticed Natasha
  4491 | D:3      | Killed Natasha
  4701 | D:4      | Noticed Duvessa
  4702 | D:4      | Noticed Dowan
  4714 | D:4      | Killed Duvessa
  4714 | D:4      | Reached skill level 1 in Conjurations
  4973 | D:4      | Killed Dowan
  4973 | D:4      | Reached skill level 7 in Earth Magic
  5229 | D:4      | Reached XP level 7. HP: 27/41 MP: 1/10
  5781 | D:4      | Noticed Sigmund
  5794 | D:4      | Found a white marble altar of Elyvilon.
  5816 | D:4      | Noticed Edmund
  5839 | D:4      | HP: 3/61 [Edmund/dire flail of protection (6)]
  5842 | D:4      | Slain by Edmund

Vault maps used:
D:1:      dpeg_arrival_central
D:3:      ecumenical_altar_1, first_bread, minmay_snake_closets, uniq_natasha
D:4:      nicolae_overflow_crystal_walls, uniq_edmund, uniq_sigmund,
          uniq_blork_the_orc, uniq_duvessa

Action                   |  1- 3 |  4- 6 |  7- 9 || total
-------------------------+-------+-------+-------++-------
Melee: Unarmed           |    52 |    64 |     1 ||   117
       Falchion          |       |       |    17 ||    17
Throw: Tomahawk          |       |     6 |     3 ||     9
 Cast: Sandblast         |    40 |    60 |     9 ||   109
       Stone Arrow       |       |    14 |    12 ||    26
       Stoneskin         |       |     1 |       ||     1
  Use: Potion            |       |     2 |     4 ||     6
 Stab: Sleeping          |     4 |     2 |     1 ||     7
  Eat: Chunk             |     5 |    11 |       ||    16
       Bread ration      |       |       |     1 ||     1
